[ PARTIDA AOE2 · #487464255 ]
UnrankedEspañoles vs Burgundians
[ ANÁLISIS DE REPETICIÓN · EXTRAÍDO DE LA PARTIDA GRABADA ]
Feudal
16:17
Castillos
—
Imperial
—
| APM promedio | 21.2 |
| APM pico | 53 |
| eAPM promedio | 9.7 |
| Aldeanos / militares | 36 / 1 |
Foco
⚔️ 21.5% · 🌾 78.5%
Fishing Ship ×19 · Demolition Raft ×1
Feudal
14:53
Castillos
—
Imperial
—
| APM promedio | 21.0 |
| APM pico | 56 |
| eAPM promedio | 11.3 |
| Aldeanos / militares | 36 / 10 |
Foco
⚔️ 23.7% · 🌾 76.3%
Flemish Militia ×8 · Scout Cavalry ×2
Feudal
13:42
Castillos
17:15
Imperial
—
| APM promedio | 27.4 |
| APM pico | 77 |
| eAPM promedio | 17.6 |
| Aldeanos / militares | 66 / 16 |
Foco
⚔️ 20.9% · 🌾 79.1%
Fishing Ship ×22 · Fire Lancer ×10 · Galley ×6
Feudal
13:18
Castillos
17:16
Imperial
—
| APM promedio | 28.9 |
| APM pico | 71 |
| eAPM promedio | 13.0 |
| Aldeanos / militares | 51 / 5 |
Foco
⚔️ 9.3% · 🌾 90.7%
Fishing Ship ×7 · Tarkan ×5
Feudal
14:57
Castillos
19:23
Imperial
—
| APM promedio | 32.1 |
| APM pico | 62 |
| eAPM promedio | 16.4 |
| Aldeanos / militares | 37 / 13 |
Foco
⚔️ 34.3% · 🌾 65.7%
Fishing Ship ×9 · Archer ×8 · Spearman ×2 · Fire Galley ×2 · Unknown (2626) ×2 · Mangonel ×1
Feudal
13:50
Castillos
23:23
Imperial
—
| APM promedio | 54.8 |
| APM pico | 88 |
| eAPM promedio | 25.9 |
| Aldeanos / militares | 48 / 12 |
Foco
⚔️ 10.4% · 🌾 89.6%
Fishing Ship ×20 · Knight ×7 · Scout Cavalry ×5
Mapa de la partida
Recursos iniciales + cada clic de construcción. Líneas = muros · curvas = relieve. ◆ oro · ⬟ piedra · ● bayas · ✦ reliquia · ◌ hueco del cierre
Tu base· Abierta — flanco sin cerrar
Base de Matt Cash· Abierta — flanco sin cerrar
Base de Mr. C· Abierta — hueco de 11t
Base de MC 14/60· Abierta — hueco de 3t
Base de Iguano Pop· Abierta — hueco de 3t
Base de Mr. Bannon· Abierta — hueco de 4t
Terreno inicial suavizado · ◌ = hueco del cierre detectado · pasá el cursor para detalles
Inputs por minuto
— Mr. Keibron - - Matt Cash
Build order — Mr. Keibron
121 acciones detectadas en el replay
| 0:21 | Construir | Town Center |
| 1:28 | Construir | Palisade Wall |
| 1:34 | Construir | Palisade Wall |
| 1:36 | Construir | Palisade Wall |
| 1:38 | Construir | Palisade Wall |
| 2:03 | Construir | House |
| 2:04 | Construir | House |
| 2:41 | Encolar | Villager (Male) |
| 2:42 | Encolar | Villager (Male) |
| 2:42 | Encolar | Villager (Male) |
| 2:42 | Encolar | Villager (Male) |
| 2:43 | Encolar | Villager (Male) |
| 3:05 | Construir | Dock |
| 3:54 | Investigar | Loom |
| 4:57 | Encolar | Fishing Ship |
| 5:54 | Encolar | Fishing Ship |
| 6:03 | Encolar | Villager (Male) ×3 |
| 6:34 | Encolar | Villager (Male) |
| 7:11 | Encolar | Villager (Male) |
| 7:11 | Encolar | Villager (Male) |
| 7:20 | Construir | House |
| 7:45 | Encolar | Villager (Male) |
| 8:44 | Construir | Palisade Gate |
| 8:47 | Construir | Palisade Wall |
| 8:55 | Construir | Palisade Gate |
| 9:03 | Construir | Palisade Wall |
| 9:12 | Construir | Palisade Gate |
| 9:24 | Construir | Palisade Wall |
| 9:36 | Construir | Palisade Gate |
| 10:00 | Construir | Palisade Wall |
| 10:10 | Construir | Palisade Gate |
| 10:11 | Encolar | Villager (Male) |
| 10:12 | Encolar | Villager (Male) |
| 10:12 | Encolar | Villager (Male) |
| 10:12 | Encolar | Villager (Male) |
| 10:12 | Encolar | Villager (Male) |
| 10:38 | Construir | Palisade Gate |
| 10:43 | Construir | Palisade Gate |
| 10:46 | Construir | Palisade Gate |
| 10:50 | Construir | Palisade Wall |
| 10:57 | Construir | Palisade Wall |
| 11:00 | Construir | Palisade Wall |
| 11:28 | Construir | Palisade Wall |
| 11:30 | Construir | Palisade Wall |
| 12:09 | Encolar | Villager (Male) |
| 12:10 | Encolar | Villager (Male) |
| 12:10 | Encolar | Villager (Male) |
| 12:10 | Encolar | Villager (Male) |
| 12:41 | Construir | Mining Camp |
| 13:03 | Construir | House |
| 13:04 | Construir | House |
| 13:05 | Encolar | Villager (Male) |
| 13:06 | Encolar | Villager (Male) |
| 13:09 | Encolar | Fishing Ship |
| 13:11 | Construir | House |
| 13:12 | Construir | House |
| 13:46 | Construir | Lumber Camp |
| 14:07 | Investigar | Feudal Age |
| 14:40 | Encolar | Fishing Ship |
| 14:41 | Encolar | Fishing Ship |
| 14:41 | Encolar | Fishing Ship |
| 14:42 | Encolar | Fishing Ship |
| 15:40 | Construir | Outpost |
| 16:17 | Edad | Edad Feudal |
| 16:20 | Construir | Outpost |
| 16:23 | Encolar | Villager (Male) |
| 16:23 | Encolar | Villager (Male) |
| 16:26 | Investigar | Double-Bit Axe |
| 16:31 | Encolar | Demolition Raft |
| 16:35 | Encolar | Fishing Ship |
| 16:36 | Encolar | Fishing Ship |
| 16:51 | Construir | Barracks |
| 17:10 | Investigar | Town Watch |
| 17:40 | Encolar | Villager (Male) |
| 18:17 | Construir | Blacksmith |
| 18:25 | Encolar | Villager (Male) |
| 18:25 | Encolar | Villager (Male) |
| 18:44 | Construir | Fish Trap |
| 18:47 | Construir | Fish Trap |
| 18:50 | Construir | Fish Trap |
| 18:56 | Encolar | Villager (Male) |
| 18:56 | Encolar | Villager (Male) |
| 19:14 | Construir | Mill |
| 20:11 | Encolar | Villager (Male) |
| 20:12 | Encolar | Villager (Male) |
| 20:14 | Encolar | Villager (Male) |
| 20:21 | Encolar | Fishing Ship |
| 20:21 | Encolar | Fishing Ship |
| 20:28 | Investigar | Gold Mining |
| 20:40 | Construir | Market |
| 20:50 | Construir | Market |
| 21:05 | Construir | Stable |
| 21:11 | Construir | Lumber Camp |
| 21:16 | Construir | Lumber Camp |
| 21:22 | Construir | Fish Trap |
| 21:25 | Encolar | Fishing Ship |
| 21:39 | Investigar | Tech 906 |
| 21:45 | Construir | Fish Trap |
| 21:50 | Encolar | Fishing Ship |
| 22:24 | Construir | House |
| 22:26 | Construir | Fish Trap |
| 22:37 | Construir | House |
| 22:38 | Construir | House |
| 22:39 | Construir | House |
| 23:07 | Construir | Blacksmith |
| 23:19 | Construir | Mining Camp |
| 23:27 | Encolar | Fishing Ship |
| 23:28 | Encolar | Fishing Ship |
| 23:33 | Construir | Fish Trap |
| 23:45 | Construir | Dock |
| 24:12 | Construir | Stable |
| 24:18 | Construir | Fish Trap |
| 24:26 | Encolar | Fishing Ship |
| 24:26 | Encolar | Fishing Ship |
| 24:31 | Encolar | Villager (Male) |
| 24:32 | Encolar | Villager (Male) |
| 24:32 | Encolar | Villager (Male) |
| 24:41 | Encolar | Fishing Ship |
| 24:41 | Encolar | Fishing Ship |
| 25:11 | Investigar | Castle Age |
| 25:49 | Construir | Fish Trap |
Build order — Matt Cash
83 acciones detectadas en el replay
| 0:31 | Construir | Town Center |
| 2:29 | Construir | House |
| 2:56 | Investigar | Loom |
| 2:57 | Investigar | Loom |
| 3:25 | Encolar | Villager (Male) |
| 3:25 | Encolar | Villager (Male) |
| 3:26 | Encolar | Villager (Male) |
| 3:26 | Encolar | Villager (Male) |
| 3:26 | Encolar | Villager (Male) |
| 4:49 | Encolar | Villager (Male) |
| 4:49 | Encolar | Villager (Male) |
| 5:22 | Construir | House |
| 5:23 | Construir | House |
| 5:25 | Construir | House |
| 5:38 | Construir | Lumber Camp |
| 5:43 | Encolar | Villager (Male) |
| 5:43 | Encolar | Villager (Male) |
| 5:44 | Encolar | Villager (Male) |
| 6:20 | Encolar | Villager (Male) |
| 6:41 | Encolar | Villager (Male) |
| 6:41 | Encolar | Villager (Male) |
| 6:47 | Construir | Palisade Wall |
| 7:07 | Encolar | Villager (Male) |
| 7:07 | Encolar | Villager (Male) |
| 7:17 | Construir | Palisade Wall |
| 7:32 | Encolar | Villager (Male) |
| 7:57 | Encolar | Villager (Male) |
| 7:59 | Investigar | Double-Bit Axe |
| 7:59 | Investigar | Double-Bit Axe |
| 8:53 | Encolar | Villager (Male) |
| 8:53 | Encolar | Villager (Male) |
| 9:23 | Construir | House |
| 9:30 | Construir | Palisade Wall |
| 9:35 | Encolar | Villager (Male) |
| 9:35 | Encolar | Villager (Male) |
| 9:35 | Encolar | Villager (Male) |
| 10:09 | Construir | Mill |
| 10:14 | Encolar | Villager (Male) |
| 10:56 | Encolar | Villager (Male) |
| 10:56 | Encolar | Villager (Male) |
| 11:49 | Encolar | Villager (Male) |
| 11:59 | Construir | Barracks |
| 12:36 | Encolar | Villager (Male) |
| 12:43 | Investigar | Feudal Age |
| 14:19 | Construir | Mill |
| 14:43 | Encolar | Villager (Male) |
| 14:43 | Encolar | Villager (Male) |
| 14:53 | Edad | Edad Feudal |
| 14:58 | Construir | Stable |
| 15:15 | Investigar | Bow Saw |
| 15:20 | Encolar | Villager (Male) |
| 15:58 | Construir | Stable |
| 16:03 | Encolar | Flemish Militia |
| 16:03 | Encolar | Flemish Militia |
| 16:03 | Encolar | Flemish Militia |
| 16:04 | Encolar | Flemish Militia |
| 16:29 | Encolar | Flemish Militia |
| 16:29 | Encolar | Flemish Militia |
| 16:30 | Encolar | Flemish Militia |
| 16:30 | Encolar | Flemish Militia |
| 16:45 | Construir | Farm |
| 16:46 | Construir | Farm |
| 16:46 | Construir | Farm |
| 16:46 | Construir | Farm |
| 16:47 | Construir | Farm |
| 16:47 | Construir | Farm |
| 16:47 | Construir | Farm |
| 16:55 | Encolar | Scout Cavalry |
| 16:55 | Encolar | Scout Cavalry |
| 17:31 | Construir | House |
| 17:33 | Encolar | Villager (Male) |
| 17:33 | Encolar | Villager (Male) |
| 17:51 | Encolar | Villager (Male) |
| 17:52 | Encolar | Villager (Male) |
| 18:25 | Construir | Farm |
| 18:25 | Construir | Farm |
| 18:25 | Construir | Farm |
| 18:25 | Construir | Farm |
| 18:26 | Construir | Farm |
| 18:26 | Construir | Farm |
| 18:26 | Construir | Farm |
| 19:00 | Encolar | Villager (Male) |
| 19:00 | Encolar | Villager (Male) |
Build order — Mr. C
Primeras 150 de 171 acciones detectadas
| 0:11 | Construir | Town Center |
| 0:41 | Construir | Dock |
| 2:31 | Investigar | Loom |
| 2:59 | Encolar | Villager (Male) |
| 3:24 | Encolar | Villager (Male) |
| 3:50 | Encolar | Villager (Male) |
| 4:14 | Encolar | Villager (Male) |
| 4:51 | Encolar | Villager (Male) |
| 5:10 | Encolar | Villager (Male) |
| 5:29 | Encolar | Villager (Male) |
| 5:39 | Encolar | Fishing Ship |
| 5:42 | Encolar | Villager (Male) |
| 5:55 | Construir | House |
| 6:15 | Encolar | Villager (Male) |
| 6:15 | Encolar | Villager (Male) |
| 6:45 | Encolar | Fishing Ship |
| 6:48 | Construir | House |
| 7:05 | Encolar | Villager (Male) |
| 7:13 | Construir | House |
| 7:40 | Encolar | Villager (Male) |
| 7:41 | Encolar | Fishing Ship |
| 8:02 | Encolar | Fishing Ship |
| 8:06 | Encolar | Villager (Male) |
| 8:07 | Encolar | Villager (Male) |
| 8:07 | Encolar | Villager (Male) |
| 8:17 | Encolar | Villager (Male) |
| 8:31 | Construir | Mill |
| 8:55 | Encolar | Villager (Male) |
| 8:59 | Encolar | Fishing Ship |
| 9:14 | Encolar | Villager (Male) |
| 9:26 | Encolar | Fishing Ship |
| 9:47 | Encolar | Fishing Ship |
| 9:50 | Construir | House |
| 10:07 | Encolar | Villager (Male) |
| 10:08 | Encolar | Villager (Male) |
| 10:19 | Encolar | Fishing Ship |
| 10:33 | Encolar | Villager (Male) |
| 10:33 | Encolar | Villager (Male) |
| 10:45 | Construir | Lumber Camp |
| 11:26 | Investigar | Feudal Age |
| 11:30 | Encolar | Fishing Ship |
| 11:50 | Encolar | Fishing Ship |
| 12:04 | Construir | Dock |
| 12:10 | Construir | House |
| 12:15 | Encolar | Villager (Male) |
| 12:34 | Construir | House |
| 12:47 | Encolar | Fishing Ship |
| 13:12 | Construir | Dock |
| 13:42 | Edad | Edad Feudal |
| 13:50 | Construir | Market |
| 13:52 | Construir | Blacksmith |
| 13:54 | Investigar | Town Watch |
| 14:00 | Encolar | Fishing Ship |
| 14:00 | Encolar | Fishing Ship |
| 14:35 | Investigar | Castle Age |
| 14:45 | Encolar | Fishing Ship |
| 14:45 | Encolar | Fishing Ship |
| 14:53 | Construir | House |
| 15:01 | Investigar | Double-Bit Axe |
| 15:46 | Investigar | Horse Collar |
| 15:48 | Encolar | Fishing Ship |
| 15:49 | Encolar | Fishing Ship |
| 15:53 | Investigar | Tech 906 |
| 16:16 | Encolar | Fishing Ship |
| 16:17 | Encolar | Fishing Ship |
| 16:44 | Encolar | Villager (Male) |
| 16:48 | Encolar | Fishing Ship |
| 16:48 | Encolar | Fishing Ship |
| 16:52 | Construir | House |
| 16:55 | Construir | House |
| 17:15 | Edad | Edad de los Castillos |
| 17:17 | Construir | Town Center |
| 17:19 | Encolar | Villager (Male) |
| 17:22 | Investigar | Bow Saw |
| 17:30 | Investigar | Gillnets |
| 17:50 | Encolar | Villager (Male) |
| 17:51 | Encolar | Fishing Ship |
| 18:07 | Encolar | Galley |
| 18:07 | Encolar | Galley |
| 18:14 | Investigar | Fletching |
| 18:20 | Encolar | Villager (Male) |
| 18:25 | Encolar | Galley |
| 18:39 | Encolar | Villager (Male) |
| 18:40 | Encolar | Villager (Male) |
| 18:41 | Encolar | Villager (Male) |
| 18:54 | Encolar | Villager (Male) |
| 19:03 | Encolar | Galley |
| 19:13 | Encolar | Villager (Male) |
| 19:16 | Construir | University |
| 19:33 | Encolar | Villager (Male) |
| 19:33 | Encolar | Villager (Male) |
| 19:46 | Construir | Town Center |
| 19:51 | Encolar | Villager (Male) |
| 19:55 | Encolar | Galley |
| 19:55 | Encolar | Galley |
| 20:01 | Investigar | Bodkin Arrow |
| 20:29 | Investigar | War Galley (upgrade) |
| 20:32 | Encolar | Villager (Male) |
| 20:33 | Encolar | Villager (Male) |
| 20:39 | Investigar | Wheelbarrow |
| 20:40 | Encolar | Villager (Male) |
| 20:41 | Encolar | Villager (Male) |
| 20:47 | Encolar | Villager (Male) |
| 20:56 | Encolar | Villager (Male) |
| 20:56 | Encolar | Villager (Male) |
| 21:04 | Encolar | Villager (Male) |
| 21:41 | Encolar | Villager (Male) |
| 21:41 | Encolar | Villager (Male) |
| 21:57 | Encolar | Villager (Male) |
| 21:58 | Encolar | Villager (Male) |
| 22:06 | Encolar | Villager (Male) |
| 22:06 | Encolar | Villager (Male) |
| 22:15 | Encolar | Villager (Male) |
| 22:15 | Encolar | Villager (Male) |
| 22:18 | Construir | Barracks |
| 22:22 | Construir | Barracks |
| 22:30 | Encolar | Villager (Male) |
| 22:30 | Encolar | Villager (Male) |
| 22:41 | Encolar | Villager (Male) |
| 22:43 | Investigar | Scale Mail Armor |
| 22:43 | Investigar | Forging |
| 22:54 | Investigar | Ballistics |
| 23:09 | Construir | Barracks |
| 23:16 | Encolar | Fire Lancer |
| 23:17 | Encolar | Fire Lancer |
| 23:17 | Encolar | Fire Lancer |
| 23:24 | Construir | Farm |
| 23:24 | Construir | Farm |
| 23:25 | Construir | Farm |
| 23:25 | Construir | Farm |
| 23:25 | Construir | Farm |
| 23:42 | Construir | Mill |
| 23:43 | Encolar | Villager (Male) |
| 23:43 | Encolar | Villager (Male) |
| 23:54 | Construir | Farm |
| 23:57 | Encolar | Fire Lancer |
| 23:57 | Encolar | Fire Lancer |
| 23:57 | Encolar | Fire Lancer |
| 24:01 | Encolar | Villager (Male) |
| 24:01 | Encolar | Villager (Male) |
| 24:03 | Investigar | Chain Mail Armor |
| 24:04 | Encolar | Fire Lancer |
| 24:05 | Encolar | Fire Lancer |
| 24:05 | Encolar | Fire Lancer |
| 24:05 | Encolar | Fire Lancer |
| 24:12 | Construir | House |
| 24:13 | Construir | House |
| 24:13 | Construir | House |
| 24:14 | Construir | House |
| 24:35 | Construir | Farm |
Build order — MC 14/60
109 acciones detectadas en el replay
| 0:04 | Construir | Town Center |
| 2:23 | Encolar | Villager (Male) |
| 2:23 | Encolar | Villager (Male) |
| 2:23 | Encolar | Villager (Male) |
| 2:23 | Encolar | Villager (Male) |
| 3:54 | Encolar | Villager (Male) |
| 3:54 | Encolar | Villager (Male) |
| 3:54 | Encolar | Villager (Male) |
| 4:23 | Encolar | Villager (Male) |
| 4:23 | Encolar | Villager (Male) |
| 4:24 | Encolar | Villager (Male) |
| 4:24 | Encolar | Villager (Male) |
| 4:48 | Investigar | Loom |
| 4:49 | Encolar | Villager (Male) |
| 4:49 | Encolar | Villager (Male) |
| 5:34 | Encolar | Villager (Male) |
| 5:35 | Encolar | Villager (Male) |
| 5:35 | Encolar | Villager (Male) |
| 5:35 | Encolar | Villager (Male) |
| 6:09 | Construir | Dock |
| 6:25 | Encolar | Villager (Male) |
| 6:51 | Encolar | Fishing Ship |
| 7:14 | Encolar | Villager (Male) |
| 7:14 | Encolar | Villager (Male) |
| 7:28 | Encolar | Fishing Ship |
| 7:53 | Encolar | Villager (Male) |
| 8:25 | Encolar | Villager (Male) |
| 8:34 | Construir | Mining Camp |
| 8:39 | Encolar | Villager (Male) |
| 8:51 | Encolar | Fishing Ship |
| 9:23 | Encolar | Villager (Male) |
| 9:24 | Encolar | Fishing Ship |
| 9:46 | Encolar | Villager (Male) |
| 10:04 | Construir | Mining Camp |
| 10:06 | Encolar | Villager (Male) |
| 10:42 | Encolar | Villager (Male) |
| 10:45 | Construir | Mill |
| 11:02 | Investigar | Feudal Age |
| 11:30 | Encolar | Villager (Male) |
| 11:30 | Encolar | Villager (Male) |
| 11:32 | Encolar | Villager (Male) |
| 11:57 | Encolar | Fishing Ship |
| 12:44 | Encolar | Fishing Ship |
| 13:18 | Edad | Edad Feudal |
| 13:22 | Construir | Market |
| 13:25 | Construir | Blacksmith |
| 14:16 | Investigar | Wheelbarrow |
| 14:36 | Investigar | Castle Age |
| 14:44 | Construir | Palisade Wall |
| 14:46 | Construir | Palisade Gate |
| 15:16 | Investigar | Gold Mining |
| 15:37 | Encolar | Villager (Male) |
| 15:37 | Encolar | Villager (Male) |
| 16:32 | Construir | Lumber Camp |
| 17:16 | Edad | Edad de los Castillos |
| 17:21 | Construir | Castle |
| 17:26 | Investigar | Double-Bit Axe |
| 17:54 | Encolar | Fishing Ship |
| 18:05 | Construir | Dock |
| 18:08 | Encolar | Villager (Male) |
| 18:14 | Encolar | Villager (Male) |
| 18:30 | Investigar | Wheelbarrow |
| 18:31 | Investigar | Town Watch |
| 18:57 | Investigar | Gold Shaft Mining |
| 19:22 | Construir | Palisade Wall |
| 19:24 | Construir | Palisade Gate |
| 19:29 | Construir | Palisade Wall |
| 19:36 | Investigar | Bow Saw |
| 19:43 | Encolar | Tarkan |
| 19:54 | Construir | Farm |
| 19:57 | Construir | Farm |
| 19:59 | Construir | Farm |
| 20:05 | Encolar | Tarkan |
| 20:07 | Encolar | Tarkan |
| 20:07 | Encolar | Tarkan |
| 20:37 | Construir | Farm |
| 20:40 | Encolar | Villager (Male) |
| 20:43 | Construir | Farm |
| 20:51 | Encolar | Tarkan |
| 20:58 | Construir | Farm |
| 21:12 | Encolar | Villager (Male) |
| 21:16 | Construir | Farm |
| 21:25 | Construir | Farm |
| 21:29 | Construir | Farm |
| 21:35 | Construir | Farm |
| 21:37 | Encolar | Villager (Male) |
| 21:59 | Encolar | Villager (Male) |
| 22:11 | Encolar | Villager (Male) |
| 22:27 | Encolar | Villager (Male) |
| 22:33 | Construir | Town Center |
| 22:47 | Construir | Farm |
| 22:48 | Investigar | Horse Collar |
| 23:07 | Encolar | Villager (Male) |
| 23:24 | Construir | Farm |
| 23:27 | Construir | Farm |
| 23:42 | Encolar | Villager (Male) |
| 24:06 | Encolar | Villager (Male) |
| 24:08 | Encolar | Villager (Male) |
| 24:19 | Encolar | Villager (Male) |
| 24:38 | Construir | Barracks |
| 24:41 | Encolar | Villager (Male) |
| 24:55 | Encolar | Villager (Male) |
| 24:57 | Investigar | Hand Cart |
| 25:01 | Investigar | Heavy Plow |
| 25:23 | Encolar | Villager (Male) |
| 25:36 | Construir | Stable |
| 25:48 | Encolar | Villager (Male) |
| 25:49 | Encolar | Villager (Male) |
| 25:49 | Encolar | Villager (Male) |
Build order — Iguano Pop
103 acciones detectadas en el replay
| 0:08 | Construir | Town Center |
| 1:19 | Construir | House |
| 2:22 | Construir | Dock |
| 2:31 | Encolar | Villager (Male) |
| 2:31 | Encolar | Villager (Male) |
| 2:32 | Encolar | Villager (Male) |
| 2:33 | Encolar | Villager (Male) |
| 2:33 | Encolar | Villager (Male) |
| 3:45 | Encolar | Fishing Ship |
| 4:17 | Investigar | Loom |
| 4:30 | Encolar | Fishing Ship |
| 5:42 | Encolar | Villager (Male) |
| 5:42 | Encolar | Villager (Male) |
| 5:43 | Encolar | Villager (Male) |
| 6:00 | Construir | House |
| 6:26 | Encolar | Villager (Male) |
| 6:43 | Encolar | Fishing Ship |
| 6:53 | Encolar | Villager (Male) |
| 6:53 | Encolar | Villager (Male) |
| 7:33 | Encolar | Villager (Male) |
| 7:39 | Construir | House |
| 8:01 | Encolar | Villager (Male) |
| 8:25 | Encolar | Villager (Male) |
| 8:29 | Construir | House |
| 8:36 | Encolar | Villager (Male) |
| 8:53 | Encolar | Villager (Male) |
| 8:57 | Encolar | Fishing Ship |
| 9:16 | Encolar | Villager (Male) |
| 9:42 | Encolar | Villager (Male) |
| 10:19 | Construir | Palisade Wall |
| 10:24 | Construir | Palisade Wall |
| 10:33 | Construir | House |
| 10:36 | Encolar | Villager (Male) |
| 10:40 | Construir | Palisade Wall |
| 11:14 | Construir | Dock |
| 11:42 | Encolar | Fishing Ship |
| 11:49 | Encolar | Villager (Male) |
| 11:59 | Construir | Mill |
| 12:20 | Encolar | Villager (Male) |
| 12:47 | Investigar | Feudal Age |
| 12:52 | Encolar | Fishing Ship |
| 12:55 | Encolar | Fishing Ship |
| 13:00 | Construir | House |
| 13:02 | Construir | House |
| 13:04 | Construir | House |
| 13:12 | Construir | Mining Camp |
| 14:57 | Edad | Edad Feudal |
| 14:58 | Encolar | Unit 2626 |
| 14:59 | Encolar | Unit 2626 |
| 15:09 | Construir | Blacksmith |
| 15:18 | Construir | Market |
| 15:24 | Construir | Blacksmith |
| 15:31 | Encolar | Villager (Male) |
| 15:31 | Encolar | Villager (Male) |
| 16:43 | Investigar | Castle Age |
| 16:47 | Investigar | Fletching |
| 17:03 | Construir | Lumber Camp |
| 17:13 | Investigar | Forging |
| 17:41 | Encolar | Villager (Male) |
| 17:51 | Construir | Barracks |
| 17:56 | Investigar | Double-Bit Axe |
| 18:44 | Encolar | Villager (Male) |
| 18:49 | Construir | Archery Range |
| 18:52 | Construir | Archery Range |
| 19:02 | Encolar | Villager (Male) |
| 19:04 | Encolar | Fishing Ship |
| 19:04 | Encolar | Fishing Ship |
| 19:23 | Edad | Edad de los Castillos |
| 19:40 | Encolar | Archer |
| 19:40 | Encolar | Archer |
| 19:41 | Encolar | Archer |
| 19:41 | Encolar | Archer |
| 19:45 | Investigar | Bow Saw |
| 19:47 | Encolar | Villager (Male) |
| 20:06 | Construir | Dock |
| 20:18 | Encolar | Archer |
| 20:27 | Encolar | Spearman |
| 20:51 | Encolar | Archer |
| 20:56 | Encolar | Villager (Male) |
| 21:14 | Construir | Town Center |
| 22:02 | Encolar | Archer |
| 22:02 | Encolar | Archer |
| 22:18 | Encolar | Villager (Male) |
| 22:18 | Encolar | Villager (Male) |
| 22:19 | Encolar | Villager (Male) |
| 22:19 | Encolar | Villager (Male) |
| 22:27 | Construir | Siege Workshop |
| 23:12 | Investigar | War Galley (upgrade) |
| 23:29 | Construir | Stable |
| 23:34 | Construir | Archery Range |
| 23:35 | Encolar | Mangonel |
| 23:39 | Encolar | Villager (Male) |
| 23:39 | Encolar | Villager (Male) |
| 23:39 | Encolar | Villager (Male) |
| 23:55 | Investigar | Bodkin Arrow |
| 24:17 | Construir | Palisade Wall |
| 24:33 | Encolar | Spearman |
| 24:34 | Encolar | Villager (Male) |
| 24:59 | Construir | Monastery |
| 25:09 | Encolar | Fire Galley |
| 25:10 | Encolar | Fire Galley |
| 25:21 | Encolar | Villager (Male) |
| 25:27 | Construir | Town Center |
Build order — Mr. Bannon
Primeras 150 de 158 acciones detectadas
| 0:02 | Construir | House |
| 0:07 | Construir | Town Center |
| 1:02 | Construir | Dock |
| 2:41 | Encolar | Villager (Male) |
| 2:41 | Encolar | Villager (Male) |
| 2:41 | Encolar | Villager (Male) |
| 2:44 | Encolar | Villager (Male) |
| 2:44 | Encolar | Villager (Male) |
| 2:45 | Encolar | Villager (Male) |
| 3:15 | Investigar | Loom |
| 3:46 | Encolar | Villager (Male) |
| 3:47 | Encolar | Fishing Ship |
| 3:47 | Encolar | Fishing Ship |
| 4:17 | Construir | House |
| 4:51 | Encolar | Fishing Ship |
| 5:33 | Construir | House |
| 5:39 | Encolar | Villager (Male) |
| 5:39 | Encolar | Villager (Male) |
| 5:39 | Encolar | Villager (Male) |
| 6:12 | Encolar | Fishing Ship |
| 6:25 | Encolar | Villager (Male) |
| 6:25 | Encolar | Villager (Male) |
| 6:25 | Encolar | Villager (Male) |
| 6:54 | Encolar | Villager (Male) |
| 6:54 | Encolar | Villager (Male) |
| 7:08 | Encolar | Villager (Male) |
| 7:25 | Encolar | Fishing Ship |
| 7:38 | Construir | House |
| 7:52 | Encolar | Villager (Male) |
| 8:08 | Encolar | Fishing Ship |
| 8:28 | Encolar | Villager (Male) |
| 8:28 | Encolar | Villager (Male) |
| 8:33 | Encolar | Villager (Male) |
| 8:36 | Construir | House |
| 8:57 | Encolar | Villager (Male) |
| 8:58 | Encolar | Fishing Ship |
| 9:05 | Construir | House |
| 10:07 | Encolar | Villager (Male) |
| 10:14 | Investigar | Loom |
| 10:14 | Investigar | Loom |
| 10:16 | Encolar | Fishing Ship |
| 10:18 | Encolar | Fishing Ship |
| 10:21 | Construir | House |
| 10:57 | Encolar | Villager (Male) |
| 11:06 | Construir | Mill |
| 11:40 | Investigar | Feudal Age |
| 12:07 | Construir | Lumber Camp |
| 12:37 | Encolar | Villager (Male) |
| 12:37 | Encolar | Villager (Male) |
| 12:47 | Construir | Barracks |
| 12:56 | Encolar | Fishing Ship |
| 12:56 | Encolar | Fishing Ship |
| 13:15 | Encolar | Villager (Male) |
| 13:50 | Edad | Edad Feudal |
| 13:52 | Construir | Stable |
| 14:04 | Construir | House |
| 14:10 | Investigar | Double-Bit Axe |
| 14:27 | Investigar | Horse Collar |
| 14:27 | Investigar | Horse Collar |
| 14:34 | Encolar | Scout Cavalry |
| 14:34 | Encolar | Scout Cavalry |
| 14:34 | Encolar | Scout Cavalry |
| 14:51 | Encolar | Scout Cavalry |
| 14:52 | Encolar | Scout Cavalry |
| 14:57 | Construir | Farm |
| 15:00 | Construir | Farm |
| 15:01 | Construir | Farm |
| 15:04 | Encolar | Villager (Male) |
| 15:04 | Encolar | Villager (Male) |
| 15:58 | Encolar | Villager (Male) |
| 15:58 | Encolar | Villager (Male) |
| 16:02 | Construir | Farm |
| 16:18 | Construir | Lumber Camp |
| 16:20 | Construir | Farm |
| 16:23 | Construir | Farm |
| 16:43 | Encolar | Villager (Male) |
| 16:43 | Encolar | Villager (Male) |
| 16:47 | Construir | Farm |
| 16:48 | Construir | Farm |
| 16:53 | Construir | Farm |
| 16:54 | Construir | Farm |
| 16:55 | Construir | Farm |
| 16:56 | Construir | Farm |
| 17:28 | Investigar | Wheelbarrow |
| 17:28 | Investigar | Wheelbarrow |
| 17:51 | Investigar | Town Watch |
| 17:52 | Investigar | Town Watch |
| 17:56 | Construir | Mining Camp |
| 18:26 | Construir | Farm |
| 18:27 | Construir | Farm |
| 18:28 | Construir | Farm |
| 18:59 | Investigar | Town Watch |
| 18:59 | Investigar | Town Watch |
| 19:01 | Encolar | Villager (Male) |
| 19:01 | Encolar | Villager (Male) |
| 19:02 | Encolar | Villager (Male) |
| 19:14 | Construir | Farm |
| 19:14 | Construir | Farm |
| 19:41 | Encolar | Villager (Male) |
| 19:41 | Encolar | Villager (Male) |
| 19:44 | Construir | Market |
| 19:56 | Construir | Blacksmith |
| 20:43 | Investigar | Castle Age |
| 20:43 | Investigar | Castle Age |
| 20:55 | Construir | Dock |
| 21:01 | Encolar | Villager (Male) |
| 21:01 | Encolar | Villager (Male) |
| 21:09 | Investigar | Gold Mining |
| 21:23 | Investigar | Scale Barding Armor |
| 21:23 | Investigar | Scale Barding Armor |
| 21:51 | Investigar | Forging |
| 22:13 | Construir | House |
| 22:15 | Encolar | Fishing Ship |
| 22:15 | Encolar | Fishing Ship |
| 22:15 | Encolar | Fishing Ship |
| 22:15 | Encolar | Fishing Ship |
| 22:16 | Encolar | Fishing Ship |
| 22:16 | Encolar | Fishing Ship |
| 22:27 | Construir | Stable |
| 22:27 | Construir | Stable |
| 23:04 | Construir | Stable |
| 23:23 | Edad | Edad de los Castillos |
| 23:45 | Investigar | Chain Barding Armor |
| 23:45 | Investigar | Chain Barding Armor |
| 23:47 | Investigar | Husbandry |
| 23:47 | Investigar | Bloodlines |
| 23:50 | Encolar | Villager (Male) |
| 23:50 | Encolar | Villager (Male) |
| 23:51 | Encolar | Villager (Male) |
| 24:02 | Construir | House |
| 24:12 | Investigar | Bow Saw |
| 24:12 | Investigar | Bow Saw |
| 24:14 | Investigar | Heavy Plow |
| 24:18 | Encolar | Fishing Ship |
| 24:18 | Encolar | Fishing Ship |
| 24:18 | Encolar | Fishing Ship |
| 24:47 | Encolar | Knight |
| 24:48 | Encolar | Knight |
| 24:48 | Encolar | Knight |
| 24:54 | Construir | House |
| 24:54 | Construir | House |
| 24:55 | Construir | House |
| 24:55 | Construir | House |
| 24:56 | Construir | House |
| 24:57 | Encolar | Villager (Male) |
| 24:57 | Encolar | Villager (Male) |
| 25:04 | Encolar | Villager (Male) |
| 25:11 | Construir | Farm |
| 25:22 | Encolar | Knight |
| 25:22 | Encolar | Knight |
Cronología de la partida
| 0:41 | Mr. C · first_building Dock |
| 1:02 | Mr. Bannon · first_building Dock |
| 1:28 | Mr. Keibron · wall_segment Palisade Wall x1 |
| 1:34 | Mr. Keibron · wall_segment Palisade Wall x1 |
| 1:36 | Mr. Keibron · wall_segment Palisade Wall x1 |
| 1:38 | Mr. Keibron · wall_segment Palisade Wall x1 |
| 2:22 | Iguano Pop · first_building Dock |
| 3:05 | Mr. Keibron · first_building Dock |
| 6:09 | MC 14/60 · first_building Dock |
| 6:47 | Matt Cash · wall_segment Palisade Wall x2 |
| 7:17 | Matt Cash · wall_segment Palisade Wall x5 |
| 8:47 | Mr. Keibron · wall_segment Palisade Wall x2 |
| 9:03 | Mr. Keibron · wall_segment Palisade Wall x3 |
| 9:24 | Mr. Keibron · wall_segment Palisade Wall x1 |
| 9:30 | Matt Cash · wall_segment Palisade Wall x12 |
| 10:00 | Mr. Keibron · wall_segment Palisade Wall x1 |
| 10:19 | Iguano Pop · wall_segment Palisade Wall x1 |
| 10:24 | Iguano Pop · wall_segment Palisade Wall x1 |
| 10:40 | Iguano Pop · wall_segment Palisade Wall x1 |
| 10:50 | Mr. Keibron · wall_segment Palisade Wall x1 |
| 10:57 | Mr. Keibron · wall_segment Palisade Wall x1 |
| 11:00 | Mr. Keibron · wall_segment Palisade Wall x1 |
| 11:28 | Mr. Keibron · wall_segment Palisade Wall x1 |
| 11:30 | Mr. Keibron · wall_segment Palisade Wall x1 |
| 11:59 | Matt Cash · first_building Barracks |
| 12:47 | Mr. Bannon · first_building Barracks |
| 13:18 | MC 14/60 · age_up feudal |
| 13:42 | Mr. C · age_up feudal |
| 13:50 | Mr. Bannon · age_up feudal |
| 13:52 | Mr. Bannon · first_building Stable |
| 14:25 | MC 14/60 · first_market_buy 100 food |
| 14:30 | MC 14/60 · first_market_sell 100 wood |
| 14:33 | Mr. C · first_market_sell 100 food |
| 14:44 | MC 14/60 · wall_segment Palisade Wall x6 |
| 14:53 | Matt Cash · age_up feudal |
| 14:57 | Iguano Pop · age_up feudal |
| 14:58 | Matt Cash · first_building Stable |
| 16:17 | Mr. Keibron · age_up feudal |
| 16:51 | Mr. Keibron · first_building Barracks |
| 17:15 | Mr. C · age_up castle |
| 17:16 | MC 14/60 · age_up castle |
| 17:21 | MC 14/60 · first_building Castle |
| 17:51 | Iguano Pop · first_building Barracks |
| 18:49 | Iguano Pop · first_building Archery Range |
| 19:12 | Matt Cash · resign |
| 19:22 | MC 14/60 · wall_segment Palisade Wall x9 |
| 19:23 | Iguano Pop · age_up castle |
| 19:29 | MC 14/60 · wall_segment Palisade Wall x1 |
| 21:05 | Mr. Keibron · first_building Stable |
| 22:18 | Mr. C · first_building Barracks |
| 22:27 | Iguano Pop · first_building Siege Workshop |
| 23:23 | Mr. Bannon · age_up castle |
| 23:29 | Iguano Pop · first_building Stable |
| 24:17 | Iguano Pop · wall_segment Palisade Wall x3 |
| 24:38 | MC 14/60 · first_building Barracks |
| 24:59 | Iguano Pop · first_building Monastery |
| 25:36 | Mr. C · first_building Monastery |
| 25:36 | MC 14/60 · first_building Stable |
| 26:08 | Mr. C · wall_segment Palisade Wall x1 |
[ ANÁLISIS IA · 1 CRÉDITO ]
¿Qué pasó realmente en esta partida?
Wolo.gg analiza cada decisión: build order, eco, micro, errores típicos por bracket. Análisis personalizado por WhatsApp o Discord en 30 segundos.
Guía civ
Españoles
Perfil
Mr. Keibron